 Dungeon Crawl Stone Soup version 0.16-a0-3086-ga63ba9b (webtiles) character file.

87253 Minkie the Bludgeoner (level 15, -1/146 HPs)
             Began as an Ogre Hunter on Dec 11, 2014.
             Was the Champion of the Shining One.
             Shot with an arrow by a naga sharpshooter (10 damage)
             ... led by Vashnia
             ... on level 4 of the Snake Pit.
             The game lasted 02:09:14 (28864 turns).

Minkie the Bludgeoner (Ogre Hunter)                Turns: 28864, Time: 02:09:14

Health: -1/146     AC: 30    Str: 21    XL:     15   Next: 90%
Magic:  0/29       EV:  3    Int: 10    God:    the Shining One [******]
Gold:   1714       SH:  0    Dex: 15    Spells: 1 memorised, 25 levels left

rFire  + . .     SeeInvis .     C - +3 giant spiked club (flame)
rCold  + . .     Clarity  .     L - +3 gold dragon armour
rNeg   + + +     SustAb   .     (shield restricted)
rPois  +         Gourm    .     d - +1 hat
rElec  .         Spirit   +     N - +1 cloak
rCorr  .         Warding  .     (gloves unavailable)
rMut   .         Stasis   .     (boots unavailable)
MR     ++...                    g - amulet of guardian spirit
Stlth  ..........               P - ring of protection from magic
                                c - +3 ring of protection

@: lethally poisoned, very slightly contaminated, hasted, glowing, very quick,
very resistant to hostile enchantments, extremely unstealthy
A: unfitting armour, tough skin 1
a: Divine Shield, Cleansing Flame, Summon Divine Warrior, Renounce Religion


You were on level 4 of the Snake Pit.
You worshipped the Shining One.
The Shining One was exalted by your worship.
You were not hungry.

You visited 4 branches of the dungeon, and saw 26 of its levels.
You also visited: Ice Cave.

You collected 2514 gold pieces.
You spent 800 gold pieces at shops.

Inventory:

Hand weapons
 C - a +3 giant spiked club of flaming (weapon)
Missiles
 b - 20 large rocks (quivered)
Armour
 d - a +1 hat (worn)
 L - a +3 gold dragon armour (worn)
 N - a +1 cloak (worn)
Jewellery
 c - a +3 ring of protection (left hand)
 g - an amulet of guardian spirit (around neck)
 o - an uncursed ring of magical power
 I - a +4 ring of intelligence
 P - a ring of protection from magic (right hand)
Magical devices
 t - a wand of lightning (6)
 D - a wand of teleportation (3)
 F - a wand of confusion (32)
 M - a wand of heal wounds (5)
 X - a wand of teleportation (5)
Scrolls
 e - a scroll of recharging
 h - 5 scrolls of fog
 j - 2 scrolls of identify
 p - 4 scrolls of magic mapping
 u - 14 scrolls of remove curse
 w - 5 scrolls of teleportation
 y - 2 scrolls of amnesia
 A - 7 scrolls of enchant armour
 G - 2 scrolls of brand weapon
 K - a scroll of blinking
Potions
 a - 3 potions of heal wounds
 i - a potion of cure mutation
 k - 3 potions of haste
 m - 2 potions of curing
 q - a potion of might
 s - 2 potions of agility
 v - 4 potions of restore abilities
 B - a potion of cancellation
 E - a potion of berserk rage {unknown}
 H - 5 potions of brilliance
 V - 2 potions of resistance
Books
 n - a Fen Folio

   Spells                             Type                      Level
   a - Corpse Rot                     Necromancy                   2
   b - Stone Arrow                    Conjuration/Earth            3
   c - Leda's Liquefaction            Hexes/Earth                  4
   d - Summon Forest                  Summoning/Translocation      5
   e - Hydra Form                     Transmutation                6
   f - Summon Hydra                   Summoning                    7
Comestibles
 f - 10 meat rations
 l - 12 bread rations
 r - a poisonous chunk of flesh
 x - 3 slices of pizza
 z - 8 royal jellies
 R - 2 beef jerkies


   Skills:
 - Level 9.2 Fighting
 + Level 20.1 Maces & Flails
 - Level 4.3 Throwing
 + Level 14.6 Armour
 - Level 1.7 Dodging
 - Level 0.7 Stealth
 - Level 6.1 Spellcasting
 + Level 11.0 Invocations


You had 25 spell levels left.
You knew the following spells:

 Your Spells              Type           Power        Failure   Level  Hunger
a - Corona                Hex            #......      100%        1    None


Dungeon Overview and Level Annotations

Branches:
Dungeon (12/15)            Temple (0/1) D:4            Lair (6/8) D:8
 Shoals (0/5) Lair:5        Snake (4/5) Lair:6          Orc (4/4) D:9
    Elf (0/3) Orc:3
  Slime: Lair:6-8

Altars:
Cheibriados
Dithmenos
Gozag
Kikubaaqudgha
Okawaru
Qazlal
Ru
Vehumet
Xom
Zin
The Shining One
Beogh

Shops:
D:5 [   D:6 !   D:8 *   Orc:4 (=[*   Snake:1 %

Annotations:
Snake:4 Vashnia; ghjkl's ghost, powerful VSBe


Innate Abilities, Weirdness & Mutations

You are too large for most types of armour.
You have tough skin (AC +1).


Message History

You feel yourself speed up.
* * * LOW HITPOINT WARNING * * *
You feel sick.
The black mamba bites you but does no damage. x2
Ghjkl's ghost hits you but does no damage.
The naga sharpshooter shoots an arrow.
The arrow hits you but does no damage.
The salamander hits you from afar with a trident.
* * * LOW HITPOINT WARNING * * *
You are engulfed in flames.
You resist.
* * * LOW HITPOINT WARNING * * *
The naga ritualist gestures at you while chanting.
The poison in your body grows stronger. You resist with almost no effort.
The naga ritualist constricts you.
You are very lightly contaminated with residual magic.
You escape the naga ritualist's grasp.
* * * LOW HITPOINT WARNING * * *
You feel sick.
The black mamba bites you but does no damage.
The naga sharpshooter shoots an arrow.
The arrow hits you!
You die...

. #....# #....
#...... #....#
#.......
#....####......
#.....#...##
#.......NN#
###)..N(..NN######.#
#....).NNNS(......#
#....#.(#?@W....###
#..S.##.(....$..#
#...####N..###..#
#......NN..# .##
#.#.......$##.
#.).......#
#.(..#####


You could see Vashnia, a naga warrior, 6 naga sharpshooters, a salamander, a
naga ritualist, a black mamba, 3 nagas and ghjkl's ghost.

Vanquished Creatures
  Kirke (Snake:1)
  An orc warlord (Orc:4)
  Gastronok (Lair:1)
  An ettin (D:10)
  A yaktaur captain (D:10)
  Harold (Lair:5)
  A naga warrior (Snake:2)
  2 hydras
  4 death yaks (Lair:6)
  6 anacondas
  The ghost of Minkie the Bludgeoner, a powerful GrBe of Trog (D:10)
  4 orc high priests (Orc:4)
  7 naga sharpshooters
  4 shock serpents
  A fire crab (Lair:6)
  2 unseen horrors
  A sea snake (Snake:1)
  2 hill giants
  4 ice statues
  3 orc knights (Orc:4)
  An obsidian statue (D:11)
  Pikel (D:7)
  2 naga ritualists (Snake:2)
  4 ugly things
  4 orc sorcerers
  3 cyclopes
  5 salamanders
  2 mana vipers (Snake:2)
  A necromancer (IceCv)
  2 griffons (Lair:4)
  2 guardian serpents (Snake:3)
  Maurice (D:10)
  7 naga magi
  2 spiny frogs
  15 black mambas
  A torpor snail (Lair:4)
  Psyche (D:8)
  7 fire drakes (Lair:4)
  A kobold demonologist (D:12)
  7 blue devils
  A queen bee (D:11)
  3 komodo dragons
  5 trolls
  A polar bear (Lair:6)
  4 slime creatures (D:12)
  Prince Ribbit (D:9)
  9 basilisks
  A trapdoor spider (D:11)
  9 blink frogs
  31 yaks
  4 hungry ghosts
  8 wyverns
  A deep elf mage (D:10)
  3 hogs (Snake:1)
  Grum (D:11)
  A steam dragon (D:12)
  13 hippogriffs
  4 orc skeletons (Orc:4)
  14 nagas
  2 mottled dragons
  12 water moccasins
  8 wolves
  6 porcupines
  3 ice beasts
  4 sky beasts
  3 phantoms
  38 orc warriors
  2 black bears
  A necrophage (D:10)
  5 orc zombies (Orc:4)
  2 centaurs (D:6)
  6 boring beetles
  8 crocodiles
  Sigmund (D:7)
  11 ogres
  19 giant frogs
  A wyvern skeleton (D:12)
  2 wyvern zombies
  7 scorpions
  26 killer bees
  15 wights
  8 crimson imps
  2 yellow wasp zombies (D:11)
  A draconian simulacrum (IceCv)
  A goliath beetle (D:6)
  28 orc priests
  4 electric eels (Snake:2)
  2 centaur zombies
  A giant frog zombie (D:10)
  3 quasits
  12 iguanas
  A giant frog skeleton (D:5)
  A jelly (D:12)
  8 hounds
  2 centaur skeletons (D:4)
  37 orc wizards
  4 troll simulacra (IceCv)
  9 worker ants
  15 sheep
  3 centaur simulacra (IceCv)
  5 gnolls (D:5)
  36 river rats
  A worker ant zombie (D:11)
  A naga simulacrum (IceCv)
  21 adders
  An ogre simulacrum (IceCv)
  2 shadow imps
  13 white imps
  6 worms
  An adder skeleton (D:6)
  151 orcs
  3 ball pythons
  A bat skeleton (D:6)
  A bat zombie (D:4)
  20 goblins
  22 hobgoblins
  12 jackals
  19 kobolds
  17 quokkas
  A ball python skeleton (D:4)
  19 bats
  10 giant cockroaches
  7 giant geckos
  5 giant newts
  A goblin zombie (Orc:2)
  3 jackal zombies (D:5)
  9 rats
  A plant (Lair:3)
944 creatures vanquished.

Vanquished Creatures (others)
  2 humans (Snake:1)
  An orc (D:6)
3 creatures vanquished.

Grand Total: 947 creatures vanquished

Notes
Turn   | Place    | Note
--------------------------------------------------------------
     0 | D:1      | Minkie, the Ogre Hunter, began the quest for the Orb.
     0 | D:1      | Reached XP level 1. HP: 22/22 MP: 1/1
   398 | D:1      | Reached XP level 2. HP: 29/32 MP: 2/2
   450 | D:1      | Found a glowing golden altar of the Shining One.
   569 | D:1      | Became a worshipper of the Shining One
   599 | D:1      | Reached skill level 1 in Maces & Flails
   920 | D:1      | Reached XP level 3. HP: 31/39 MP: 3/3
  1663 | D:2      | Reached XP level 4. HP: 48/48 MP: 4/4
  2285 | D:3      | Reached skill level 5 in Maces & Flails
  2388 | D:3      | Reached XP level 5. HP: 52/54 MP: 5/5
  3046 | D:4      | Reached skill level 6 in Maces & Flails
  3205 | D:4      | Noticed an ogre
  3216 | D:4      | Killed an ogre
  3216 | D:4      | Reached skill level 7 in Maces & Flails
  3216 | D:4      | Reached XP level 6. HP: 18/62 MP: 6/6
  3389 | D:4      | Found a staircase to the Ecumenical Temple.
  3399 | D:4      | Noticed a phantom
  3420 | D:4      | Killed a phantom
  3623 | D:4      | Reached skill level 8 in Maces & Flails
  4091 | D:4      | Acquired the Shining One's first power
  4091 | D:4      | Noticed an ogre
  4103 | D:4      | Killed an ogre
  4103 | D:4      | Reached skill level 9 in Maces & Flails
  4103 | D:4      | Reached XP level 7. HP: 53/68 MP: 7/7
  4365 | D:4      | Found an ancient bone altar of Kikubaaqudgha.
  4720 | D:5      | Entered Level 5 of the Dungeon
  4856 | D:5      | Reached skill level 10 in Maces & Flails
  5120 | D:5      | Found Tyhoywuy's Armour Shoppe.
  5125 | D:5      | Reached XP level 8. HP: 66/78 MP: 8/8
  5266 | D:5      | Acquired the Shining One's second power
  5520 | D:5      | Found a shimmering altar of Xom.
  5662 | D:6      | Reached skill level 11 in Maces & Flails
  5737 | D:6      | Reached skill level 1 in Spellcasting
  5740 | D:6      | Learned a level 1 spell: Corona
  5769 | D:6      | Found Klaerhue's Distillery.
  5944 | D:6      | Found a stormy altar of Qazlal.
  5955 | D:6      | Noticed a hill giant
  5961 | D:6      | Killed a hill giant
  5961 | D:6      | Reached skill level 12 in Maces & Flails
  6175 | D:6      | Reached skill level 5 in Spellcasting
  6175 | D:6      | Reached XP level 9. HP: 54/84 MP: 19/21
  6684 | D:6      | Found a glowing silver altar of Zin.
  6687 | D:6      | Found a stormy altar of Qazlal.
  6690 | D:6      | Found an iron altar of Okawaru.
  6861 | D:7      | Found a shadowy altar of Dithmenos.
  6949 | D:7      | Noticed Pikel
  6957 | D:7      | Killed Pikel
  6957 | D:7      | Reached skill level 5 in Fighting
  6957 | D:7      | Reached skill level 13 in Maces & Flails
  7103 | D:7      | Found a glowing golden altar of the Shining One.
  7187 | D:7      | Noticed Sigmund
  7190 | D:7      | Killed Sigmund
  7483 | D:7      | Found a radiant altar of Vehumet.
  7489 | D:7      | Found a snail-covered altar of Cheibriados.
  7490 | D:7      | Found a sacrificial altar of Ru.
  7571 | D:8      | Noticed Psyche
  7587 | D:8      | Killed Psyche
  7587 | D:8      | Reached skill level 14 in Maces & Flails
  7710 | D:8      | Reached XP level 10. HP: 47/100 MP: 24/24
  7990 | D:8      | Found an opulent altar of Gozag.
  7990 | D:8      | Found Gozag's Platinum Reserve.
  8178 | D:8      | Found a staircase to the Lair.
  8614 | D:8      | Noticed an unseen horror
  8622 | D:8      | Killed an unseen horror
  8622 | D:8      | Reached skill level 15 in Maces & Flails
  9353 | D:9      | Found a staircase to the Orcish Mines.
  9360 | Orc:1    | Entered Level 1 of the Orcish Mines
 10601 | Orc:2    | Reached skill level 16 in Maces & Flails
 10824 | Orc:2    | Found a roughly hewn altar of Beogh.
 10843 | Orc:2    | Noticed an orc sorcerer
 10849 | Orc:2    | Noticed a sixfirhy
 10852 | Orc:2    | Killed an orc sorcerer
 11298 | D:5      | Bought a +0 gold dragon armour for 800 gold pieces
 11561 | D:9      | Reached XP level 11. HP: 115/115 MP: 25/25
 11575 | D:9      | Reached skill level 1 in Armour
 11631 | D:9      | Noticed Prince Ribbit
 11647 | D:9      | Killed Prince Ribbit
 11980 | D:10     | Entered Level 10 of the Dungeon
 11992 | D:10     | Noticed a yaktaur captain
 11996 | D:10     | Noticed an ettin
 12160 | D:10     | Acquired the Shining One's third power
 12349 | D:10     | Noticed Maurice
 12370 | D:10     | Killed Maurice
 12426 | D:10     | Reached skill level 5 in Armour
 12578 | D:10     | Noticed a hill giant
 12581 | D:10     | Noticed Minkie's ghost (powerful GrBe)
 12586 | D:10     | Killed a hill giant
 12632 | D:9      | Noticed a hill giant
 13172 | D:10     | Killed an ettin
 13412 | D:10     | Killed Minkie's ghost
 13973 | D:10     | Killed a yaktaur captain
 14001 | D:10     | Reached XP level 12. HP: 111/123 MP: 21/25
 14466 | D:11     | Noticed Grum
 14474 | D:11     | Killed Grum
 14706 | D:11     | Acquired the Shining One's fourth power
 14715 | D:11     | Reached skill level 10 in Armour
 15686 | D:12     | Identified a scroll of acquirement
 16236 | D:12     | Reached XP level 13. HP: 121/131 MP: 25/27
 16987 | Orc:3    | Found a staircase to the Elven Halls.
 17353 | Orc:4    | Entered Level 4 of the Orcish Mines
 17468 | Orc:4    | Found a roughly hewn altar of Beogh.
 17597 | Orc:4    | Noticed an orc warlord
 17911 | Orc:4    | Killed an orc warlord
 17987 | Orc:4    | Reached skill level 1 in Invocations
 18016 | Orc:4    | Reached skill level 17 in Maces & Flails
 18778 | Orc:4    | Found Nusuh's General Store.
 18780 | Orc:4    | Found Fathrilo's Jewellery Shoppe.
 18782 | Orc:4    | Found Cliast's Antique Armour Shoppe.
 18782 | Orc:4    | Found Nyusch Zuon's Antique Weapon Emporium.
 19269 | Lair:1   | Entered Level 1 of the Lair of Beasts
 19324 | Lair:1   | Noticed Gastronok
 19335 | Lair:1   | Killed Gastronok
 20099 | Lair:1   | Upgraded the game from 0.16-a0-3074-gc0bb631 to 0.16-a0-3086-ga63ba9b
 20313 | Lair:2   | Reached skill level 5 in Invocations
 20313 | Lair:2   | Reached XP level 14. HP: 131/140 MP: 24/27
 20882 | Lair:3   | Reached skill level 18 in Maces & Flails
 21109 | Lair:3   | Found a frozen archway.
 21132 | IceCv    | Entered an ice cave
 22586 | Lair:5   | Noticed Harold
 22597 | Lair:5   | Killed Harold
 22680 | Lair:5   | Found a staircase to the Shoals.
 24212 | Lair:6   | Found a staircase to the Snake Pit.
 24556 | Lair:6   | Reached XP level 15. HP: 131/146 MP: 26/28
 24558 | Lair:6   | Reached skill level 19 in Maces & Flails
 24814 | Snake:1  | Entered Level 1 of the Snake Pit
 24904 | Snake:1  | Noticed Kirke
 25027 | Snake:1  | Killed Kirke
 25157 | Snake:1  | Found Qoivul's Food Shop.
 26285 | Snake:2  | Reached skill level 10 in Invocations
 27963 | Snake:3  | Reached skill level 20 in Maces & Flails
 28838 | Snake:4  | Noticed Vashnia
 28840 | Snake:4  | Noticed ghjkl's ghost (powerful VSBe)
 28860 | Snake:4  | HP: 4/146 [black mamba (5)]
 28864 | Snake:4  | Shot with an arrow by a naga sharpshooter

Action                   |  1- 3 |  4- 6 |  7- 9 | 10-12 | 13-15 || total
-------------------------+-------+-------+-------+-------+-------++-------
Melee: Short sword       |    25 |       |       |       |       ||    25
       Club              |   110 |       |       |       |       ||   110
       Whip              |    22 |   128 |       |       |       ||   150
       Giant spiked club |       |    63 |   166 |   642 |  1201 ||  2072
Throw: Large rock        |     9 |    18 |     1 |       |       ||    28
       Throwing net      |       |     1 |       |       |       ||     1
Invok: Divine Shield     |       |       |       |       |     1 ||     1
  Use: Scroll            |       |       |    19 |    13 |     9 ||    41
       Potion            |       |       |       |     1 |     5 ||     6
 Stab: Sleeping          |     1 |     1 |       |       |       ||     2
  Eat: Chunk             |     3 |     6 |    11 |    27 |    41 ||    88
       Beef jerky        |       |     1 |       |     1 |       ||     2
